 Dungeon Crawl Stone Soup version 0.30-b1-2-g02819fbbbe (webtiles) character file.

Game seed: 10342130435479738368

351 Shirokaze the Covered (level 6, 0/82 HPs)
             Began as an Armataur Fighter on May 30, 2023.
             Succumbed to an adder's poison
             ... on level 4 of the Dungeon.
             The game lasted 00:14:13 (2557 turns).

Shirokaze the Covered (Armataur Fighter)            Turns: 2557, Time: 00:14:13

Health: 0/82       AC: 23    Str: 22    XL:     6   Next: 34%
Magic:  6/6        EV:  1    Int:  7    God:
Gold:   101        SH:  5    Dex: 14    Spells: 5/5 levels left

rFire   + . .        a - +1 war axe
rCold   . . .        c - +0 buckler
rNeg    . . .        f - melded +0 chain mail
rPois   +            (helmet currently unavailable)
rElec   .            (cloak currently unavailable)
rCorr   .            b - melded +0 pair of gloves
SInv    .            (no barding)
Will    .....        (no amulet)
Stlth   +            j - ring of protection from fire
HPRegen 0.33/turn    (no ring)
MPRegen 0.10/turn

%: roll
@: lethally poisoned (0 -> -7), tree-form
A: stationary, stasis, torment immunity, boosted hp, large, rugged brown scales
3, (deformed body), (armoured tail), roll, long tongue, awkward tongue,
(iridescent scales 1), agile 1, MP-powered wands
a: no special abilities


You were on level 4 of the Dungeon.
You were a tree.
You visited 1 branch of the dungeon, and saw 4 of its levels.

You collected 101 gold pieces.

Inventory:

Hand Weapons
 a - a +1 war axe (weapon)
Armour
 b - a +0 pair of gloves (melded)
 c - a +0 buckler (worn)
 f - a +0 chain mail (melded)
Jewellery
 j - a ring of protection from fire (left branch)
Wands
 m - a wand of flame (28)
Scrolls
 h - a scroll of magic mapping
 l - a scroll of identify
Potions
 d - a potion of might
 e - 3 potions of brilliance
 i - a potion of cancellation
 n - a potion of mutation
 o - a potion of flight


   Skills:
 + Level 3.9 Fighting
 + Level 3.7 Axes
 + Level 5.3 Armour
 + Level 0.2 Dodging
 + Level 3.9 Shields


You had 5 spell levels left.
You didn't know any spells.
Your spell library contained the following spells:

 Spells                   Type           Power      Damage    Failure   Level
 Magic Dart               Conj           0%         1d3       50%         1
 Call Imp                 Summ           0%         N/A       63%         2
 Ensorcelled Hibernation  Hex/Ice        0%         N/A       63%         2
 Mephitic Cloud           Conj/Pois/Air  0%         N/A       86%         3
 Spider Form              Tmut/Pois      0%         N/A       86%         3
 Anguish                  Hex/Necr       0%         N/A       99%         4


Dungeon Overview and Level Annotations

Branches:
Dungeon (4/15)
 Temple: D:4-7

Altars:
Kikubaaqudgha
Qazlal
Xom

Shops:
D:1 (


Innate Abilities, Weirdness & Mutations

You are a tree.
Your roots penetrate the ground, keeping you stationary.
You cannot be teleported.
You are immune to unholy pain and torment.
Your maximum health is greatly increased.
Your equipment is partially melded.
(You are completely covered in rugged brown scales. (AC +3, +7% HP))
((Armour fits poorly on your strangely shaped body.))
((You have a long armoured tail.))
You roll when moving toward enemies. (Rampage)
Your long tongue fully drains potion bottles. (2x potion effects)
Your tongue gives you trouble enunciating. (1.5x scroll delay)
((You are partially covered in iridescent scales. (AC +2)))
You are agile. (Dex +4, Str/Int -1)
You expend magic power (3 MP) to strengthen your wands.


Message History

You slash the orc!
You kill the orc!
You hit the jelly.
You kill the jelly!
You closely miss the adder. You hit the orc.
You feel sick. The adder bites you.
* * * LOW HITPOINT WARNING * * *
You are more poisoned.
The adder poisons you! The orc hits you with a +0 hand axe.
* * * LOW HITPOINT WARNING * * *
You closely miss the adder.
The adder is heavily wounded.
You slash the orc!
You kill the orc!
* * * LOW HITPOINT WARNING * * *
You feel very sick. The adder bites you but does no damage.
The adder bites you.
* * * LOW HITPOINT WARNING * * *
You are more poisoned.
The adder poisons you!
Really quaff the potion of lignification?
You turn into a tree.
Your +0 pair of gloves melds into your body.
Your +0 chain mail melds into your body.
Your roots penetrate the ground.
You slurp down every last drop of the potion of lignification!
* * * LOW HITPOINT WARNING * * *
You feel very sick.
The adder bites you but does no damage. x2
You slash the adder!
You kill the adder!
* * * LOW HITPOINT WARNING * * *
You feel very sick.
You feel extremely strange.
You feel frail.
You feel your magical essence link to the dungeon's wands.
You feel agile.
Iridescent scales grow over part of your body.
You slurp down every last drop of the potion of mutation!
You die...

##.#....†...[...........
##.#...................
##.#....).............
##.#.................
######.#...#..#.#..#...#.
......#.######...######.#
######.#...#..#.#..#...#.
##.#....8.......8....#
##.#..........♣†.......
##.#.....8.....))).8....
##.#....?................
#.#........8.......8.....
.#.......................
#........................
###############..........
###########


There were no monsters in sight!

Vanquished Creatures
  A scorpion (D:4)
  3 crimson imps (D:3)
  2 jellies (D:4)
  3 gnolls
  3 adders
  A worm (D:4)
  2 dart slugs
  8 orcs
  7 ball pythons
  2 endoplasms
  A giant cockroach (D:1)
  4 goblins
  5 hobgoblins
  8 jackals
  3 quokkas
  3 bats
  4 frilled lizards
  2 kobolds (D:1)
  4 rats
66 creatures vanquished.

Notes
Turn   | Place    | Note
-------+----------+-------------------------------------------
     0 | D:1      | Shirokaze the Armataur Fighter began the quest for the Orb.
     0 | D:1      | Reached XP level 1. HP: 19/19 MP: 1/1
   140 | D:1      | Reached XP level 2. HP: 20/26 MP: 2/2
   144 | D:1      | Found Plog's Antique Weapon Shop.
   482 | D:2      | Found an ancient bone altar of Kikubaaqudgha.
   691 | D:2      | Reached XP level 3. HP: 26/33 MP: 3/3
   756 | D:2      | Gained mutation: You are weak. (Str -2) [potion of
                  | mutation]
   756 | D:2      | Gained mutation: You are robust. (+10% HP) [potion of
                  | mutation]
   756 | D:2      | Lost mutation: You are weak. (Str -2) [potion of mutation]
   867 | D:2      | Found a faded altar of an unknown god.
  1055 | D:2      | Reached skill level 4 in Armour
  1540 | D:3      | Reached XP level 4. HP: 37/44 MP: 4/4
  1797 | D:3      | Found a stormy altar of Qazlal.
  2038 | D:3      | Reached XP level 5. HP: 48/52 MP: 5/5
  2038 | D:3      | Found a shimmering altar of Xom.
  2045 | D:3      | Reached skill level 5 in Armour
  2316 | D:4      | Reached XP level 6. HP: 56/60 MP: 6/6
  2555 | D:4      | HP: 4/90 [poisoned by an adder]
  2557 | D:4      | Lost mutation: You are robust. (+10% HP) [potion of
                  | mutation]
  2557 | D:4      | Gained mutation: You expend magic power (3 MP) to
                  | strengthen your wands. [potion of mutation]
  2557 | D:4      | Gained mutation: You are agile. (Dex +4, Str/Int -1)
                  | [potion of mutation]
  2557 | D:4      | Gained mutation: You are partially covered in iridescent
                  | scales. (AC +2) [potion of mutation]
  2557 | D:4      | Succumbed to an adder's poison

Illustrated notes

Levels and vault maps discovered:
D:1:      lightli_molten_gateway, layout_basic, serial_shops, shop, minivault_14
D:2:      kennysheep_six_static_rooms, layout_basic, basic_ecumenical_altar,
          basic_altar
D:3:      layout_basic, led_xom_imps, grunt_qazlal_sundering
D:4:      wad_pebble_path, layout_rooms, sigmund_army, uniq_duvessa

Skill      XL: |  1  2  3  4  5 |
---------------+----------------+-----
Fighting       | 3 |  3.9
Axes           | 2 3 |  3.7
Armour         | 4 5 |  5.3
Dodging        | |  0.2
Shields        | |  3.9

Action                     |  1- 3 |  4- 6 || total
---------------------------+-------+-------++-------
  Melee: War axe           |    97 |    60 ||   157
         Tailslap          |     9 |     8 ||    17
    Use: Scroll            |     9 |     4 ||    13
         Potion            |     2 |     4 ||     6
 Armour: Chain mail        |    75 |    45 ||   120
         Scale mail        |     1 |       ||     1
         Skin              |       |     2 ||     2
  Dodge: Dodged            |    30 |    15 ||    45
  Block: Buckler           |    25 |    10 ||    35
